 Dungeon Crawl Stone Soup version 0.24.0-28-g17ded55e90 (webtiles) character file.

Game seed: 7462822880635062118, levelgen mode: deterministic

30 Sommings the Shield-Bearer (level 3, 0/33 HPs)
             Began as a Minotaur Fighter on Nov 11, 2019.
             Killed from afar by Sigmund (3 damage)
             ... with a magic dart
             ... on level 2 of the Dungeon.
             The game lasted 00:11:06 (1083 turns).

Sommings the Shield-Bearer (Minotaur Fighter)       Turns: 1083, Time: 00:11:06

Health: 0/33       AC:  9    Str: 20    XL:     3   Next: 3%
Magic:  2/2        EV:  5    Int:  5    God:
Gold:   48         SH:  9    Dex: 10    Spells: 2/2 levels left

rFire    . . .     SeeInvis .   a - +0 war axe
rCold    . . .     Gourm    .   c - +0 shield
rNeg     . . .     Faith    .   j - +0 chain mail
rPois    .         Spirit   .   (helmet restricted)
rElec    .         Reflect  .   (no cloak)
rCorr    .         Harm     .   (no gloves)
MR       .....                  (no boots)
Stlth    ..........             (no amulet)
HPRegen  0.11/turn              (no ring)
MPRegen  0.08/turn              (no ring)

@: no status effects
A: retaliatory headbutt, horns 2
a: no special abilities


You were on level 2 of the Dungeon.
You were not hungry.

You visited 1 branch of the dungeon, and saw 2 of its levels.

You collected 48 gold pieces.

Inventory:

Hand Weapons
 a - a +0 war axe (weapon)
Armour
 b - a +0 scale mail
 c - a +0 shield (worn)
 g - a +0 leather armour
 j - a +0 chain mail (worn)
Jewellery
 i - an uncursed ring of poison resistance {unknown}
Scrolls
 h - a scroll of fog {unknown}
 k - 2 scrolls of identify {unknown}
Potions
 d - a potion of might
 l - a potion of curing {unknown}
Comestibles
 f - a ration


   Skills:
 - Level 3.9 Fighting
 * Level 3.4 Axes
 - Level 3.8 Armour
 + Level 4.1 Shields


You had 2 spell levels left.
You didn't know any spells.
Your spell library was empty.

Dungeon Overview and Level Annotations

Branches:
Dungeon (2/15)

Altars:
Fedhas

Annotations:
D:2 Sigmund


Innate Abilities, Weirdness & Mutations

You reflexively headbutt those who attack you in melee.
You have a pair of horns on your head.


Message History

You block Sigmund's attack.
You closely miss Sigmund.
Sigmund is moderately wounded.
You block Sigmund's attack.
You hit Sigmund.
Sigmund is heavily wounded.
Sigmund hits you with a +2 scythe of protection.
* * * LOW HITPOINT WARNING * * *
Sigmund hits you from afar with a +2 scythe of protection.
* * * LOW HITPOINT WARNING * * *
You see here a scroll labeled XAH WALAUJONA.
Sigmund gestures at you while chanting.
The puff of flame hits you but does no damage.
Sigmund casts a spell.
Sigmund flickers and vanishes!
Deactivating autopickup; reactivate with Ctrl-A.
You eat one of the 2 rations.
That ration really hit the spot!
A magic dart appears from out of thin air!
The magic dart hits you.
You die...

.###....##..## #.#....##..###....
..#..##.###..###...##..##.## ....
....###.# ##......####.#... ....
.#.## #.# #..............## #...
.#.# #.# #.....<####.....##....
.#.# ##.########..# ###..........
...###......####..# #........#
)#..##......##....###........####
##..............@...{..##........
##.##......##.......####.#.{....
#..#####...........####.###?...
##.# ###......####....###....
#.######......##....#####.....
#................#### #.....
########..###.#### #......###
.....# #... ........>..
...#.....#.....##########..


There were no monsters in sight!

Vanquished Creatures
  2 worms (D:2)
  A dart slug (D:2)
  3 bats
  A giant cockroach (D:1)
  A goblin (D:2)
  5 hobgoblins
  2 quokkas (D:2)
  2 frilled lizards (D:1)
  A kobold (D:2)
  3 rats
21 creatures vanquished.

Notes
Turn   | Place    | Note
-------+----------+-------------------------------------------
     0 | D:1      | Sommings the Minotaur Fighter began the quest for the Orb.
     0 | D:1      | Reached XP level 1. HP: 19/19 MP: 0/0
   220 | D:1      | Reached XP level 2. HP: 27/27 MP: 1/1
   743 | D:2      | Found a blossoming altar of Fedhas.
   843 | D:2      | Reached skill level 4 in Shields
   969 | D:2      | Reached XP level 3. HP: 21/33 MP: 2/2
  1051 | D:2      | Noticed Sigmund
  1066 | D:2      | HP: 1/33 [Sigmund/+2 scythe of protection (3)]
  1083 | D:2      | Killed from afar by Sigmund

Levels and vault maps discovered:
D:1:      psy_arrival_radial02, layout_loops_ring
D:2:      layout_rooms, fedhas_ov_isle_minmay, uniq_sigmund

Skill      XL: |  1  2 |
---------------+-------+-----
Axes           | 3 |  3.4
Shields        | 4 |  4.1
Fighting       | |  3.9
Armour         | |  3.8

Action                   || total
-------------------------++-------
Melee: War axe           ||    52
       Headbutt          ||    11
  Use: Potion            ||     1
       Scroll            ||     1
  Eat: Ration            ||     1
Armor: Scale mail        ||    16
       Chain mail        ||     7
Dodge: Dodged            ||    13
Block: Shield            ||    27
